 Dungeon Crawl Stone Soup version 0.31-a0-960-g0fca184906 (webtiles) character file.

Game seed: 5787415693357660623

1948 YaeFeet the Grappler (level 8, -2/68 HPs)
             Began as a Troll Shapeshifter on Oct 23, 2023.
             Was an Initiate of Wu Jian.
             Slain by a basilisk (16 damage)
             ... on level 10 of the Dungeon.
             The game lasted 00:06:01 (4773 turns).

YaeFeet the Grappler (Troll Shapeshifter)           Turns: 4773, Time: 00:06:02

Health: -2/68      AC:  4    Str: 23    XL:     8   Next: 98%
Magic:  7/7        EV:  9    Int:  6    God:    Wu Jian [......]
Gold:   412        SH:  0    Dex: 11    Spells: 7/7 levels left

rFire   . .          .
                       - Unarmed
rCold   . . .        (no shield)
rNeg    . . .        a - +0 animal skin
rPois   .            (helmet currently unavailable)
rElec   .            (cloak currently unavailable)
rCorr   .            (gloves unavailable)
SInv    .            (boots unavailable)
Will    ++...        (no amulet)
Stlth   +            t - ring of willpower
HPRegen 1.11/turn    (no ring)
MPRegen 0.10/turn

%: no passive effects
@: mighty, beast-form, enlightened, flying, studying Maces & Flails, invisible
A: beast (slay +4), large, unfitting armour, claws 3, regeneration 1, shaggy fur
1, tough skin 1
a: Begin Untransformation, Renounce Religion


You were on level 10 of the Dungeon.
You worshipped Wu Jian.
Wu Jian was noncommittal.
You were a hulking beast.
You visited 2 branches of the dungeon, and saw 10 of its levels.

You collected 412 gold pieces.

Inventory:

Missiles
 n - 11 poisoned darts (quivered)
 q - a curare-tipped dart
Armour
 a - a +0 animal skin (worn)
 B - a +0 cloak
Jewellery
 f - a ring of fire
 t - a ring of willpower (left claw)
Talismans
 c - a beast talisman
 d - a flux talisman
 l - a blade talisman
Wands
 m - a wand of acid (17)
 A - a wand of polymorph (4)
 C - a wand of paralysis (18)
 F - a wand of mindburst (18)
Scrolls
 g - a scroll of poison
 h - 5 scrolls of teleportation
 i - 2 scrolls of enchant armour
 j - a scroll of fear
 k - 2 scrolls of revelation
 o - a scroll of vulnerability {unknown}
 r - a scroll of immolation {unknown}
 u - a scroll of blinking {unknown}
 v - a scroll of fog {unknown}
 y - a scroll of silence
Potions
 b - 2 potions of lignification
 e - 2 potions of berserk rage
 s - 2 potions of curing
 w - a potion of might
 z - a potion of heal wounds {unknown}
 D - 3 potions of degeneration {unknown}
 E - a potion of brilliance {unknown}


   Skills:
 - Level 0.7 Fighting
 - Level 1.5 Dodging
 + Level 10.0 Unarmed Combat
 - Level 7.0 Shapeshifting


You had 7 spell levels left.
You didn't know any spells.
Your spell library contained the following spells:

 Spells                   Type           Power      Damage    Failure   Level
 Kiss of Death            Conj/Necr      0%         2d5       45%         1
 Ensorcelled Hibernation  Hex/Ice        0%         N/A       58%         2
 Passwall                 Tmut/Erth      0%         N/A       58%         2
 Swiftness                Air            0%         N/A       83%         3


Dungeon Overview and Level Annotations

Branches:
Dungeon (8/15)             Temple (1/1) D:6            Lair (0/5) D:10

Altars:
Ashenzari
Cheibriados
Dithmenos
Elyvilon
Fedhas
Gozag
Hepliaklqana
Kikubaaqudgha
Makhleb
Nemelex Xobeh
Okawaru
Qazlal
Ru
Sif Muna
Trog
Uskayaw
Vehumet
Wu Jian
Xom
Yredelemnul
Zin
The Shining One

Shops:
D:2 :


Innate Abilities, Weirdness & Mutations

You are a hulking beast.
Your limbs bulge with bestial killing power. (Slay +4)
You are too large for most types of armour.
You have claws for hands.
Your natural rate of healing is unusually fast.
You are covered in fur. (AC +1)
You have tough skin. (AC +1)


Message History

A gnoll sergeant comes into view. It is wielding a +0 spear.
You barely miss the wyvern. The wyvern bites you!
You closely miss the wyvern.
A gnoll comes into view. It is wielding a +0 spear.
The wyvern bites you!
The gnoll shouts!
You mangle the wyvern!!
You kill the wyvern!
The Council accepts your kill.
You hear a shout! x2
Your Unarmed Combat skill increases to level 10!
A gnoll comes into view. It is wielding a +0 flail.
Found a staircase to the Lair.
You lunge at the basilisk.
You barely miss the basilisk.
The gnoll shouts!
The basilisk bites you!
You scratch the basilisk.
The basilisk is lightly wounded.
The gnoll sergeant closely misses you. The gnoll hits you with a +0 club.
The basilisk bites you.
You claw the basilisk!
The basilisk is heavily wounded.
The gnoll sergeant hits you from afar with a +0 spear.
The gnoll hits you but does no damage. The basilisk gazes at you.
You resist with almost no effort. The basilisk bites you.
You fade into invisibility!
The gnoll barely misses you.
The gnoll sergeant hits you from afar with a +0 spear.
* * * LOW HITPOINT WARNING * * *
The yak snorts and paws the ground.
The basilisk gazes at you. You resist with almost no effort.
The basilisk gazes at you. You resist with almost no effort.
A gnoll comes into view. It is wielding a +0 flail.
The basilisk bites you.
* * * LOW HITPOINT WARNING * * *
The basilisk bites you!
You die...

.........#
.........#
.........#
.........#
.........#
........[#
.........#
.........#
.......hg#
....###llg#
### #...gY#
#....g..#
#.......#
........g.
#...$.......
.....>......


You could see a yak (unable to see you), 2 basilisks, a gnoll sergeant (unable
to see you) and 4 gnolls.

Vanquished Creatures
  Joseph (D:7)
  2 wyverns
  A steam dragon (D:7)
  A sky beast (D:7)
  An ogre (D:5)
  A centaur (D:5)
  A phantom (D:6)
  3 scorpions
  2 jellies (D:6)
  4 howler monkeys
  A hound (D:6)
  2 iguanas
  Terence (D:2)
  4 orc wizards
  4 gnolls (D:3)
  8 adders
  2 white imps
  5 worms
  3 dart slugs
  14 orcs
  2 bats
  11 endoplasms
  12 giant cockroaches
  4 goblins
  8 hobgoblins
  6 jackals (D:1)
  3 quokkas
  5 ball pythons
  5 frilled lizards
  8 kobolds
  8 rats
133 creatures vanquished.

Notes
Turn   | Place    | Note
-------+----------+-------------------------------------------
     0 | D:1      | YaeFeet the Troll Shapeshifter began the quest for the Orb.
     0 | D:1      | Reached XP level 1. HP: 18/18 MP: 0/0
     1 | D:1      | Found a runed translucent door.
    59 | D:1      | Reached XP level 2. HP: 26/26 MP: 1/1
   106 | D:1      | Reached XP level 3. HP: 32/32 MP: 2/2
   189 | D:1      | Found a faded altar of an unknown god.
   194 | D:1      | Got Plato's Grimoire of Bruises
   786 | D:2      | Found Bount's Book Boutique.
   850 | D:2      | Noticed Terence
   863 | D:2      | Killed Terence
   864 | D:2      | Reached skill level 4 in Unarmed Combat
   864 | D:2      | Reached XP level 4. HP: 9/40 MP: 3/3
  1066 | D:2      | Found a snail-covered altar of Cheibriados.
  1752 | D:3      | Reached XP level 5. HP: 44/46 MP: 4/4
  2237 | D:4      | Reached skill level 5 in Unarmed Combat
  2433 | D:4      | Reached XP level 6. HP: 31/54 MP: 5/5
  2434 | D:4      | Reached skill level 5 in Shapeshifting
  2615 | D:5      | Entered Level 5 of the Dungeon
  2801 | D:5      | HP: 1/54 [ogre/+0 giant club (20)]
  2907 | D:5      | Reached skill level 6 in Unarmed Combat
  2907 | D:5      | Reached XP level 7. HP: 46/61 MP: 6/6
  3561 | D:6      | Reached skill level 7 in Unarmed Combat
  3586 | D:6      | Found a sparkling altar of Nemelex Xobeh.
  3699 | D:6      | Found a staircase to the Ecumenical Temple.
  3716 | Temple   | Entered the Ecumenical Temple
  3772 | Temple   | Became a worshipper of the Wu Jian Council
  4244 | D:7      | Reached XP level 8. HP: 68/68 MP: 7/7
  4244 | D:7      | Identified the +0 helmet "Tiuxuq" {rPois rF+++ Str+5 Dex-3}
  4426 | D:7      | Noticed Joseph
  4434 | D:7      | Killed Joseph
  4435 | D:7      | Reached skill level 9 in Unarmed Combat
  4761 | D:8      | You fall into a shaft and drop 2 floors!
  4761 | D:10     | Entered Level 10 of the Dungeon
  4769 | D:10     | Reached skill level 10 in Unarmed Combat
  4769 | D:10     | Found a staircase to the Lair.
  4773 | D:10     | Slain by a basilisk

Illustrated notes

Levels and vault maps discovered:
D:1:      dpeg_arrival_caged_fury, layout_basic,
          shapermc_ecumenical_altar_rom_forum, minmay_pentomino_q4
D:2:      layout_rooms, basic_altar, serial_shops, shop, uniq_terence
D:3:      layout_basic
D:4:      minmay_angry_zag, layout_rooms
D:5:      layout_gridville, minmay_manual_mandibuliform
D:6:      layout_gridville, mainiacjoe_overflow_small_starburst,
          minmay_temple_entry_gardened_gates
D:7:      layout_basic, uniq_joseph
D:8:      layout_cave_pools, gammafunk_ghost_wrathful_warriors,
          minmay_increasing_density, uniq_gastronok
D:10:     layout_long_grid, david_lair_generic, david_orc_5, nicolae_fort_ynox
Temple:   mainiacjoe_temple_starburst

Skill      XL: |  1  2  3  4  5  6  7  8 |
---------------+-------------------------+-----
Unarmed Combat | 4 5 6 7 10 | 10.0
Shapeshifting  | 4 5 6 7 |  7.0
Fighting       | |  0.7
Dodging        | |  1.5

Action                     |  1- 3 |  4- 6 |  7- 9 || total
---------------------------+-------+-------+-------++-------
  Melee: Unarmed           |   100 |   122 |   110 ||   332
         Punch             |     3 |     3 |     3 ||     9
  Throw: Dart              |       |     5 |       ||     5
Ability: Lunge             |       |       |     7 ||     7
    Use: Potion            |       |     1 |     3 ||     4
         Scroll            |       |       |    10 ||    10
   Stab: Sleeping          |     1 |     1 |       ||     2
 Armour: Animal skin       |    78 |    71 |    69 ||   218
  Dodge: Dodged            |    40 |    47 |    40 ||   127

Table legend: (Time is in decaauts)
 A = Elapsed time spent in this place.
 B = Non-inter-level travel time spent in this place.
 C = Inter-level travel time spent in this place.
 D = Time resting spent in this place.
 E = Time spent auto-exploring this place.
 F = Levels seen in this place.
 G = Mean time per level.
                   A        B        C        D        E       F      G
               +--------+--------+--------+--------+--------+-----+--------+
         Total |   4739 |   4389 |    350 |    123 |   3338 |  10 |  473.9 |
       Dungeon |   4628 |   4386 |    242 |    123 |   3338 |   9 |  514.2 |
        Temple |    110 |      2 |    108 |      0 |      0 |   1 |  110.0 |
               +--------+--------+--------+--------+--------+-----+--------+

Top non-repeatable levels by time:
     D:3: 869 daAuts
     D:5: 741 daAuts
     D:1: 735 daAuts
     D:6: 679 daAuts
     D:7: 562 daAuts
     D:4: 513 daAuts
     D:2: 509 daAuts
  Temple: 110 daAuts
    D:10: 10 daAuts
     D:8: 7 daAuts
